[Event "Titled Tuesday Blitz February 28 Early 2023"]
[White "Nur, Shahidee Bin Saharan"]
[Black "Bennett, Patrick"]
[WhiteFideId "5810973"]
[BlackFideId "1801228"]
[WhiteElo "2768"]
[BlackElo "2418"]
[Result "1-0"]
[Round "01"]
[TimeControl "180+2"]
[Date "2023.02.28"]
[WhiteClock "0:00:34"]
[BlackClock "0:00:13"]

1. e4 c5 2. Nc3 d6 3. g3 Nc6 4. Bg2 g6 5. d3 Bg7 6. Nge2 e5 7. O-O Nge7 8. f4 O-O 9. h3 Nd4 10. g4 f5 11. gxf5 gxf5 12. Ng3 Kh8 13. Nh5 Ng6 14. Nxg7 Kxg7 15. fxe5 dxe5 16. exf5 Bxf5 17. Ne4 Qh4 18. Bg5 Bxe4 19. Bxh4 Bxg2 20. Bf6+ Rxf6 21. Rxf6 Kxf6 22. Kxg2 Nf4+ 23. Kh1 Nxh3 24. Qd2 Nf4 25. Rf1 Ne6 26. Qh2 h5 27. Qh4+ Kg6 28. c3 Rd8 29. Qg3+ Kf7 30. Rf3 Rg8 31. Qe1 Rg5 32. Qe4 Kf6 33. d4 cxd4 34. cxd4 Nxd4 35. Rxf4+ exf4 36. Qxd4+ Kf5 37. Qd5+ Kg4 38. Qg2+ Kf5 39. Qxb7 Kg4 40. Qd7+ Kg3 41. Qd2 Rg4 42. Qg2+ Kh4 43. Qf2+ Kg5 44. Qxa7 f3 45. Qe3+ Rf4 46. Kg1 h4 47. Kf2 h3 48. Qe5+ Kg4 49. Qg7+ Kf5 50. Qh7+ Ke5 51. Qxh3 Rd4 52. Qh8+ Ke4 53. Qxd4+ Kxd4 54. Kxf3 1-0


[Site "https://www.chess.com"]

[Event "Titled Tuesday Blitz February 28 Early 2023"]
[White "Zhukova, Natalia"]
[Black "Golubka, Petro"]
[WhiteFideId "14101513"]
[BlackFideId "14114224"]
[WhiteElo "2297"]
[BlackElo "2404"]
[Result "0-1"]
[Round "01"]
[TimeControl "180+2"]
[Date "2023.02.28"]
[WhiteClock "0:00:01"]
[BlackClock "0:00:14"]

1. c4 Nc6 2. Nf3 e6 3. e4 d5 4. e5 f6 5. d4 dxc4 6. Bxc4 fxe5 7. O-O e4 8. Ng5 Nf6 9. Bxe6 Bxe6 10. Nxe6 Qd7 11. Nxf8 Rxf8 12. Be3 O-O-O 13. Qa4 a6 14. Nc3 Nxd4 15. Qxd7+ Rxd7 16. Bg5 Re8 17. Rad1 c5 18. Rfe1 b5 19. h3 h6 20. Bh4 g5 21. Bg3 Kb7 22. Rc1 c4 23. Kh2 Nf5 24. Re2 Rd3 25. Rce1 Nxg3 26. fxg3 e3 27. Nd1 Nd5 28. g4 Kc6 29. Kg3 b4 30. Kf3 Rf8+ 31. Kg3 Re8 32. Kf3 c3 0-1


[Site "https://www.chess.com"]

[Event "Titled Tuesday Blitz February 28 Early 2023"]
[White "Seo, Jung Min"]
[Black "Chernov, Mikhail"]
[WhiteFideId "1734687"]
[BlackFideId "24143170"]
[WhiteElo "2468"]
[BlackElo "2113"]
[Result "0-1"]
[Round "01"]
[TimeControl "180+2"]
[Date "2023.02.28"]
[WhiteClock "0:01:13"]
[BlackClock "0:00:54"]

1. e4 c5 2. Nc3 Nc6 3. f4 g6 4. Nf3 Bg7 5. Bc4 d6 6. d3 Nf6 7. h3 O-O 8. a4 e6 9. O-O d5 10. Bb5 dxe4 11. dxe4 Nd4 12. Bd3 b6 13. e5 Nd5 14. Nxd4 cxd4 15. Ne4 Bb7 16. Nd6 Bc6 17. Be4 Qd7 18. a5 Rad8 19. axb6 axb6 20. Kh2 Ne3 21. Bxe3 Bxe4 22. Bxd4 Bd5 23. Bxb6 Rb8 24. Bd4 Qc6 25. Rf2 f6 26. c4 fxe5 27. cxd5 Qxd6 28. fxe5 Bxe5+ 29. Kh1 Rxf2 30. Bxf2 Qxd5 31. Qg4 Rxb2 32. Rd1 Rxf2 0-1


[Site "https://www.chess.com"]

[Event "Titled Tuesday Blitz February 28 Early 2023"]
[White "Miszler, Levente"]
[Black "polandchessplayer"]
[WhiteFideId "763276"]
[WhiteElo "2176"]
[BlackElo "2766"]
[Result "0-1"]
[Round "01"]
[TimeControl "180+2"]
[Date "2023.02.28"]
[WhiteClock "0:00:16"]
[BlackClock "0:01:09"]

1. Nf3 Nf6 2. c4 c6 3. g3 d5 4. Bg2 g6 5. O-O Bg7 6. b3 O-O 7. Bb2 b6 8. e3 Nbd7 9. d4 Ba6 10. Nbd2 e6 11. Qc2 Rc8 12. Rfc1 c5 13. cxd5 Nxd5 14. dxc5 Rxc5 15. Nc4 Bxc4 16. Bxg7 Kxg7 17. bxc4 N5f6 18. Nd4 Ne5 19. Qb3 Qc7 20. Nb5 Qb8 21. Qa4 a5 22. Rab1 Rfc8 23. Na3 Qc7 24. Qb3 Nfd7 25. Nb5 Qb8 26. Na3 Qd6 27. Rd1 Qe7 28. Qa4 R8c7 29. Rd4 Nc6 30. Bxc6 R7xc6 31. Rbd1 Ne5 32. Rd8 Qf6 33. f4 Nxc4 34. Nxc4 Rxc4 35. Qa3 Qc3 36. Qf8+ Kf6 37. Qh8+ Kf5 38. R8d5+ exd5 39. Rxd5+ Ke4 40. Re5+ Kf3 0-1


[Site "https://www.chess.com"]

[Event "Titled Tuesday Blitz February 28 Early 2023"]
[White "Real_OceanStorm"]
[Black "Bogaudinov, Rushan"]
[BlackFideId "4129288"]
[WhiteElo "2764"]
[BlackElo "2063"]
[Result "1-0"]
[Round "01"]
[TimeControl "180+2"]
[Date "2023.02.28"]
[WhiteClock "0:00:14"]
[BlackClock "0:00:05"]

1. e4 c5 2. Nf3 d6 3. Nc3 Nc6 4. Bb5 Bd7 5. O-O e6 6. d4 cxd4 7. Nxd4 Nxd4 8. Bxd7+ Qxd7 9. Qxd4 Nf6 10. Rd1 a6 11. Be3 Be7 12. e5 dxe5 13. Qxe5 Qc6 14. Qg3 O-O 15. Bg5 Rfd8 16. Re1 Kf8 17. a3 h6 18. Be3 Nd5 19. Nxd5 Rxd5 20. c3 Bc5 21. c4 Rd7 22. Bf4 Bd4 23. Qb3 Rc8 24. Rac1 Bf6 25. h3 Rd4 26. Be3 Rxc4 27. Rxc4 Qxc4 28. Qxb7 Qc6 29. Qb3 Qb5 30. Qxb5 axb5 31. Rb1 Rc2 32. b3 Be7 33. a4 bxa4 34. bxa4 g5 35. Rb8+ Kg7 36. Ra8 Ra2 37. a5 f5 38. a6 f4 39. Bb6 Bd6 40. a7 Ra1+ 41. Kh2 f3+ 42. g3 Ra2 43. Rd8 Bc7 44. Rd7+ Kf6 45. Rxc7 h5 46. Rc8 h4 47. a8=Q hxg3+ 48. Kxg3 Rxa8 49. Rxa8 1-0


[Site "https://www.chess.com"]

[Event "Titled Tuesday Blitz February 28 Early 2023"]
[White "Mohammed, Zozek Salah Mohammed"]
[Black "Samunenkov, Ihor"]
[WhiteFideId "4803361"]
[BlackFideId "14187086"]
[WhiteElo "2211"]
[BlackElo "2457"]
[Result "0-1"]
[Round "01"]
[TimeControl "180+2"]
[Date "2023.02.28"]
[WhiteClock "0:02:11"]
[BlackClock "0:01:49"]

1. d4 d5 2. Nf3 e6 3. g3 c5 4. Bg2 cxd4 5. Nxd4 e5 6. Nb3 Be6 7. O-O Nc6 8. e4 Nf6 9. Nc3 d4 10. Na4 Bc4 11. Re1 Bxb3 12. cxb3 b5 13. Qc2 Rc8 14. Nc5 Nb4 15. Qe2 Bxc5 16. Qxb5+ Qd7 0-1


[Site "https://www.chess.com"]

[Event "Titled Tuesday Blitz February 28 Early 2023"]
[White "Trost, Edvin"]
[Black "Dinu, Dumitru-Daniel"]
[WhiteFideId "1729519"]
[BlackFideId "1208403"]
[WhiteElo "2395"]
[BlackElo "2240"]
[Result "1-0"]
[Round "01"]
[TimeControl "180+2"]
[Date "2023.02.28"]
[WhiteClock "0:00:49"]
[BlackClock "0:00:07"]

1. Nf3 Nf6 2. b3 g6 3. Bb2 Bg7 4. e3 d6 5. Be2 O-O 6. c4 Nbd7 7. Nc3 b6 8. d4 Bb7 9. Qc2 e5 10. h3 Re8 11. O-O-O Qe7 12. Rhe1 e4 13. Nd2 a5 14. g4 d5 15. g5 Nh5 16. Bxh5 gxh5 17. Nxd5 Bxd5 18. cxd5 Qxg5 19. Nxe4 Qxd5 20. Ng3 c5 21. dxc5 Bxb2+ 22. Kxb2 Qe5+ 23. Kb1 Nxc5 24. f4 Qe6 25. Rg1 Kf8 26. Nxh5 Red8 27. Qxh7 Ne4 28. Rxd8+ Rxd8 29. Rg8+ Ke7 30. Rxd8 Kxd8 31. Qh8+ Kd7 32. Qd4+ Kc7 33. Qe5+ Qxe5 34. fxe5 Kd7 35. Nf4 Ke7 36. Kc2 Nf2 37. Kc3 Nd1+ 38. Kd4 Nf2 39. h4 Ng4 40. Nd5+ Ke6 41. Nxb6 Nxe5 42. Nc4 Nf3+ 43. Ke4 Nxh4 44. Nxa5 f5+ 45. Kd4 Nf3+ 46. Kc3 Kd5 47. Nc4 Ng5 48. b4 Ne4+ 49. Kb3 Kc6 50. a4 Nf6 51. Nd2 Nd5 52. Nf1 Kb6 53. Kc4 Kc6 54. b5+ Kd6 55. a5 Ne7 56. Ng3 Ke5 57. a6 Kd6 58. a7 Nc8 59. a8=N Ke5 60. Kc5 Nd6 61. b6 Nb7+ 62. Kc6 Na5+ 63. Kc7 f4 64. exf4+ Kxf4 65. Ne2+ Ke5 66. Nc1 Kd5 67. Nb3 Kc4 68. Nxa5+ Kb5 69. b7 Kxa5 70. b8=Q Ka4 71. Qb2 Ka5 72. Qb3 Ka6 73. Qb6# 1-0


[Site "https://www.chess.com"]

[Event "Titled Tuesday Blitz February 28 Early 2023"]
[White "Hajiyev, Kanan"]
[Black "Milikow, Yoav"]
[WhiteFideId "13404148"]
[BlackFideId "2822237"]
[WhiteElo "2103"]
[BlackElo "2410"]
[Result "0-1"]
[Round "01"]
[TimeControl "180+2"]
[Date "2023.02.28"]
[WhiteClock "0:00:03"]
[BlackClock "0:00:14"]

1. d4 Nf6 2. Nf3 d5 3. c4 e6 4. cxd5 exd5 5. Nc3 c6 6. Qc2 Bd6 7. Bg5 h6 8. Bxf6 Qxf6 9. Nxd5 Qd8 10. Nc3 O-O 11. e3 Nd7 12. Bd3 Nf6 13. O-O Bg4 14. Ne5 Be6 15. Ne4 Nxe4 16. Bxe4 Qc7 17. f4 Rae8 18. Rac1 Qb6 19. f5 Bc8 20. Nc4 Qc7 21. Nxd6 Qxd6 22. Rf3 Qf6 23. Bd3 Re7 24. Qc5 Rfe8 25. e4 b6 26. Qc3 Rd8 27. e5 Qh4 28. f6 Rc7 29. Rd1 Bg4 30. Rf4 Qg5 31. Rdf1 g6 32. Bc4 Bf5 33. h4 Qh5 34. Qg3 Kf8 35. Rxf5 gxf5 36. Qg7+ Ke8 37. Rxf5 Qxf5 38. Qg8+ Kd7 39. Qxf7+ Kc8 40. Be6+ Kb8 41. Qxc7+ Kxc7 42. Bxf5 Rxd4 43. f7 Rd8 44. e6 Kd6 45. g4 Ke7 46. g5 hxg5 47. hxg5 Rd5 48. g6 Rxf5 49. Kh2 Rg5 0-1


[Site "https://www.chess.com"]

[Event "Titled Tuesday Blitz February 28 Early 2023"]
[White "Gledura, Benjamin"]
[Black "Balint, Vilmos"]
[WhiteFideId "712779"]
[BlackFideId "718050"]
[WhiteElo "2537"]
[BlackElo "2034"]
[Result "1-0"]
[Round "01"]
[TimeControl "180+2"]
[Date "2023.02.28"]
[WhiteClock "0:01:40"]
[BlackClock "0:01:56"]

1. Nf3 b5 2. e4 Bb7 3. Bxb5 Bxe4 4. O-O Nf6 5. Re1 e6 6. d4 Be7 7. c4 O-O 8. Nc3 Bb7 9. Ba4 d5 10. c5 Bc6 11. Bc2 Nbd7 12. Bf4 h6 13. Qd2 Re8 14. b4 Rb8 15. Rab1 Bb5 16. Nxb5 Rxb5 17. a4 Rb8 18. b5 Nf8 19. Ne5 Qc8 20. Nc6 Ra8 21. Bxh6 gxh6 22. Qxh6 N8h7 23. Re3 Bf8 24. Rg3+ Kh8 25. Ne5 Re7 26. Qh4 Bg7 27. Bxh7 Nxh7 28. Qxe7 Qf8 1-0


[Site "https://www.chess.com"]

[Event "Titled Tuesday Blitz February 28 Early 2023"]
[White "Mirzanurov, Bulat"]
[Black "Mikhailovsky, Vladimir"]
[WhiteFideId "4184521"]
[BlackFideId "34105414"]
[WhiteElo "2019"]
[BlackElo "2282"]
[Result "0-1"]
[Round "01"]
[TimeControl "180+2"]
[Date "2023.02.28"]
[WhiteClock "0:00:08"]
[BlackClock "0:00:48"]

1. e4 Nf6 2. e5 Nd5 3. d4 d6 4. c4 Nb6 5. f4 Bf5 6. Be3 dxe5 7. fxe5 e6 8. Nc3 Bb4 9. a3 Bxc3+ 10. bxc3 c5 11. Nf3 Nc6 12. a4 Na5 13. Nd2 O-O 14. Be2 Rc8 15. Rc1 Qd7 16. O-O Nxa4 17. Nb3 Nb2 18. Qd2 Naxc4 19. Bxc4 Nxc4 20. Qe2 Nxe3 21. Qxe3 cxd4 22. cxd4 b6 23. h3 Rxc1 24. Rxc1 Rc8 25. Ra1 Rc2 26. Qg3 h6 27. Qe3 Qc6 28. Nd2 a5 29. Nf3 Be4 30. Rf1 a4 31. Qf4 a3 32. Ne1 Re2 33. Qxf7+ Kh7 34. Nf3 Bxf3 35. Rxf3 a2 36. Rf1 Qxg2# 0-1


[Site "https://www.chess.com"]

[Event "Titled Tuesday Blitz February 28 Early 2023"]
[White "Hambleton, Aman"]
[Black "Tarasova, Viktoriya"]
[WhiteFideId "2606577"]
[BlackFideId "4175840"]
[WhiteElo "2511"]
[BlackElo "2182"]
[Result "1-0"]
[Round "01"]
[TimeControl "180+2"]
[Date "2023.02.28"]
[WhiteClock "0:00:12"]
[BlackClock "0:00:39"]

1. d4 Nf6 2. Bf4 d5 3. e3 c5 4. c3 e6 5. Nd2 Bd6 6. Ngf3 O-O 7. Bd3 Bxf4 8. exf4 Qc7 9. g3 b6 10. Qe2 a5 11. O-O Ba6 12. Bxa6 Nxa6 13. Rfe1 Nb8 14. Kg2 a4 15. a3 c4 16. Ne5 Nc6 17. Qf3 Rfe8 18. Rad1 Rad8 19. Ndxc4 Nxd4 20. Rxd4 dxc4 21. Rxc4 Qd6 22. Rd4 Qc5 23. Qb7 Rxd4 24. Qxf7+ Kh8 25. cxd4 Qxd4 26. Rc1 Qxb2 27. Rc7 Rg8 28. Qxe6 h6 29. Nf7+ Kh7 30. Qf5+ g6 31. Ng5+ Kh8 32. Qxf6+ Qxf6 33. Rh7# 1-0


[Site "https://www.chess.com"]

[Event "Titled Tuesday Blitz February 28 Early 2023"]
[White "Hoffmann, Asa"]
[Black "Tatarinov, Dmitry"]
[WhiteFideId "2001470"]
[BlackFideId "24160067"]
[WhiteElo "2117"]
[BlackElo "2326"]
[Result "0-1"]
[Round "01"]
[TimeControl "180+2"]
[Date "2023.02.28"]
[WhiteClock "0:01:15"]
[BlackClock "0:02:22"]

1. d4 Nf6 2. Bg5 d5 3. Nd2 c6 4. e3 Bf5 5. Ngf3 Nbd7 6. c4 e6 7. Qb3 Qb6 8. c5 Qc7 9. Bf4 Qc8 10. h3 Be7 11. Bd3 O-O 12. Bxf5 exf5 13. Ne5 Bd8 14. f3 Bc7 15. Qd3 Nxe5 16. Bxe5 Bxe5 17. dxe5 Nd7 18. Qxf5 Nxc5 19. Qxc8 Raxc8 20. Ke2 Rfe8 21. Rhc1 Nd7 22. f4 f6 23. exf6 Nxf6 24. Kf3 c5 25. Re1 c4 26. e4 c3 27. bxc3 Rxc3+ 28. Re3 dxe4+ 29. Kf2 Rc2 30. Rd1 Nd5 0-1


[Site "https://www.chess.com"]

[Event "Titled Tuesday Blitz February 28 Early 2023"]
[White "Wagh Suyog"]
[Black "Gutkin, Ilya"]
[WhiteFideId "25071688"]
[BlackFideId "16203470"]
[WhiteElo "2288"]
[BlackElo "2265"]
[Result "1-0"]
[Round "01"]
[TimeControl "180+2"]
[Date "2023.02.28"]
[WhiteClock "0:00:27"]
[BlackClock "0:00:01"]

1. e4 e6 2. d4 d5 3. Bd3 c5 4. exd5 exd5 5. Nf3 Nf6 6. O-O Be7 7. dxc5 Bxc5 8. Re1+ Be6 9. Nbd2 Qb6 10. Qe2 Ng4 11. Rf1 O-O 12. Nb3 Bd6 13. Ng5 Bxh2+ 14. Kh1 Bd7 15. f3 Re8 16. Qd2 Ne3 17. Kxh2 Nxf1+ 18. Bxf1 Nc6 19. Bd3 h6 20. Nh3 Ne5 21. Bf1 Bxh3 22. Kxh3 Qd6 23. Qf4 g5 24. Qg3 Qe6+ 25. Kh2 Ng6 26. Bd2 Rac8 27. Bd3 Ne5 28. Re1 Qd6 29. Bc3 f6 30. Rd1 Rcd8 31. Bb5 Re7 32. Nd4 a6 33. Nf5 Qc7 34. Nxe7+ Qxe7 35. Ba4 b5 36. Bxe5 1-0


[Site "https://www.chess.com"]

[Event "Titled Tuesday Blitz February 28 Early 2023"]
[White "Kanyamarala, Trisha"]
[Black "Mahdavi, Reza"]
[WhiteFideId "45004722"]
[BlackFideId "12595926"]
[WhiteElo "2062"]
[BlackElo "2242"]
[Result "0-1"]
[Round "01"]
[TimeControl "180+2"]
[Date "2023.02.28"]
[WhiteClock "0:00:16"]
[BlackClock "0:01:23"]

1. d4 Nf6 2. c4 g6 3. Nc3 Bg7 4. e4 d6 5. Nf3 O-O 6. Be2 Nbd7 7. O-O e5 8. Bg5 h6 9. Bh4 b6 10. Nd5 Bb7 11. Nxf6+ Bxf6 12. Bxf6 Qxf6 13. d5 Qg7 14. b4 f5 15. Nd2 Nf6 16. f3 f4 17. Rb1 Rae8 18. c5 Bc8 19. Qc2 g5 20. Rfd1 h5 21. Rdc1 Rd8 22. cxd6 cxd6 23. Qc7 Rd7 24. Qc2 g4 25. Bb5 Rdf7 26. Nc4 Rc7 27. Qd2 Rd8 28. Bc6 gxf3 29. Na3 Nxe4 30. Qc2 Bf5 31. Qb2 Qg5 32. Kh1 Qh4 33. gxf3 Nf2+ 34. Qxf2 Qxf2 35. Rg1+ Rg7 36. Rxg7+ Kxg7 37. Rg1+ Kf7 0-1


[Site "https://www.chess.com"]

[Event "Titled Tuesday Blitz February 28 Early 2023"]
[White "Goltsev, Dmitry"]
[Black "Coelho, Ramyres Santana"]
[WhiteFideId "24176710"]
[BlackFideId "2120690"]
[WhiteElo "2302"]
[BlackElo "1888"]
[Result "1-0"]
[Round "01"]
[TimeControl "180+2"]
[Date "2023.02.28"]
[WhiteClock "0:02:44"]
[BlackClock "0:00:33"]

1. e4 c5 2. Nf3 d6 3. d4 cxd4 4. Nxd4 Nf6 5. Nc3 a6 6. Be2 e6 7. Be3 Be7 8. O-O O-O 9. f4 Qc7 10. Bf3 Nc6 11. Qd2 Nxd4 12. Bxd4 Rd8 13. Rad1 Bd7 14. e5 dxe5 15. fxe5 Ne8 16. Ne4 Bc6 17. Qf2 Bxe4 18. Bxe4 Bf8 19. Bb6 Rxd1 20. Bxc7 Rxf1+ 21. Kxf1 Nxc7 22. Qb6 Nd5 23. Bxd5 exd5 24. Qxb7 Rd8 25. Qxa6 d4 26. Qc4 g6 27. a4 Bg7 28. a5 Bxe5 29. a6 Bb8 30. Qc5 Bxh2 31. a7 Bg3 32. Qd5 Re8 33. a8=Q 1-0


[Site "https://www.chess.com"]

[Event "Titled Tuesday Blitz February 28 Early 2023"]
[White "Vaglio Munoz, Jaime"]
[Black "Msellek, Ilyass"]
[WhiteFideId "6500145"]
[BlackFideId "675938"]
[WhiteElo "2199"]
[BlackElo "2303"]
[Result "0-1"]
[Round "01"]
[TimeControl "180+2"]
[Date "2023.02.28"]
[WhiteClock "0:00:50"]
[BlackClock "0:00:26"]

1. d4 d5 2. g3 c6 3. Bg2 Nf6 4. c3 Bf5 5. Bf4 e6 6. Nd2 Nbd7 7. Ngf3 h6 8. h4 a5 9. a4 Be7 10. O-O Ng4 11. Ne5 Ndxe5 12. Bxe5 f6 13. Bf4 g5 14. Be3 Nxe3 15. fxe3 Qc7 16. Qe1 Bd6 17. Rf3 Rg8 18. Kh1 O-O-O 19. b4 gxh4 20. gxh4 Rd7 21. Qf2 Rdg7 22. Rg1 Bg3 23. Qf1 Bxh4 24. Rxf5 exf5 25. Qxf5+ Kb8 26. b5 Rg5 27. Qf4 Rh5 28. Bf3 Rxg1+ 29. Kxg1 Rg5+ 30. Kf1 Bg3 31. Qxf6 Bh2 32. Ke1 Rg1+ 33. Nf1 Bg3+ 34. Kd2 Rxf1 35. Qxh6 Ka7 36. Qf8 Bd6 37. Qg8 cxb5 38. Qxd5 b4 39. c4 b3 40. c5 b2 41. Be4 Bxc5 42. dxc5 b1=Q 43. Bxb1 Rxb1 44. e4 Rh1 45. Kd3 Rh8 46. e5 Rd8 47. e4 Rxd5+ 48. exd5 Qxe5 49. Kc4 Qe4+ 50. Kc3 Qxd5 51. c6 Qc5+ 0-1


[Site "https://www.chess.com"]

[Event "Titled Tuesday Blitz February 28 Early 2023"]
[White "Cherniaiev, Tykhon"]
[Black "Valle Maytin, Luis Enrique"]
[WhiteFideId "14182360"]
[BlackFideId "3503666"]
[WhiteElo "2450"]
[BlackElo "2225"]
[Result "1-0"]
[Round "01"]
[TimeControl "180+2"]
[Date "2023.02.28"]
[WhiteClock "0:01:07"]
[BlackClock "0:00:01"]

1. Nf3 d5 2. d4 Nf6 3. c4 c6 4. e3 g6 5. Nbd2 Bg7 6. Bd3 O-O 7. O-O Re8 8. Re1 Nbd7 9. e4 dxe4 10. Nxe4 Nxe4 11. Bxe4 Nf6 12. Bc2 Bg4 13. Be3 Qc7 14. h3 Be6 15. b3 Rad8 16. Qd2 Qc8 17. Rad1 Bf5 18. Ne5 Ne4 19. Bxe4 Bxe4 20. Bh6 Bxe5 21. Rxe4 Bh8 22. Qe2 Bf6 23. Qf3 Qf5 24. Rf4 Qe6 25. Rd3 Qe1+ 26. Kh2 Qe6 27. Re3 Qd6 28. c5 Qc7 29. g3 Rxd4 30. Rxf6 Qd7 31. Rxf7 Qd8 32. Rg7+ Kh8 33. Qf7 Rf8 34. Rxh7# 1-0


[Site "https://www.chess.com"]

[Event "Titled Tuesday Blitz February 28 Early 2023"]
[White "Andreev, Konstantin"]
[Black "EREBUNI91"]
[WhiteFideId "24239305"]
[WhiteElo "2106"]
[BlackElo "2716"]
[Result "0-1"]
[Round "01"]
[TimeControl "180+2"]
[Date "2023.02.28"]
[WhiteClock "0:00:11"]
[BlackClock "0:00:29"]

1. e4 c5 2. Nf3 d6 3. d4 cxd4 4. Nxd4 Nf6 5. Nc3 a6 6. h4 e5 7. Nb3 Be7 8. Bg5 Be6 9. Bxf6 Bxf6 10. g3 O-O 11. Qd3 Nc6 12. O-O-O Qb6 13. f4 exf4 14. gxf4 Rfc8 15. f5 Nb4 16. Qxd6 Rc6 17. Na4 Rxc2+ 18. Kb1 Qf2 19. Nd2 Rd8 20. Qxb4 Rdxd2 21. Rxd2 Rxd2 22. Bxa6 Bd7 23. Bb5 Rd4 24. Qb3 Bxb5 25. Qxb5 Rxe4 26. Rc1 h5 27. a3 Rxa4 28. Qxb7 Rxh4 29. Rc2 Qe1+ 30. Ka2 Rh1 31. Rc8+ Kh7 32. Qxf7 Qb1+ 33. Kb3 Qxb2+ 34. Ka4 Rh4+ 35. Rc4 Qc2+ 36. Kb4 Rxc4+ 37. Qxc4 Qxc4+ 38. Kxc4 h4 39. Kd3 h3 40. Ke3 h2 0-1


[Site "https://www.chess.com"]

[Event "Titled Tuesday Blitz February 28 Early 2023"]
[White "Wagner, Dennis"]
[Black "Avazkhonov, Alikhon"]
[WhiteFideId "24650684"]
[BlackFideId "14208504"]
[WhiteElo "2470"]
[BlackElo "1739"]
[Result "0-1"]
[Round "01"]
[TimeControl "180+2"]
[Date "2023.02.28"]
[WhiteClock "0:00:04"]
[BlackClock "0:00:04"]

1. d4 Nf6 2. Nf3 g6 3. c4 Bg7 4. Nc3 O-O 5. e4 d6 6. Be2 e5 7. O-O Nbd7 8. Be3 Qe7 9. Qc2 Re8 10. d5 c5 11. h3 h6 12. a3 b6 13. g4 Nh7 14. Kh1 Kh8 15. Rg1 Rf8 16. Qd2 f5 17. gxf5 gxf5 18. Bxh6 Bxh6 19. Qxh6 Nf6 20. Ng5 Bd7 21. Rg2 Nxe4 22. Ncxe4 fxe4 23. Nxe4 Rf4 24. Rag1 Rh4 25. Nf6 Qxf6 26. Qxf6+ Nxf6 27. Rg3 Rg8 28. Rxg8+ Nxg8 29. Kg2 Bxh3+ 30. Kg3 Rh6 31. Rh1 Bd7 32. Rd1 Kg7 33. f3 Nf6 34. b4 Nh5+ 35. Kf2 Nf4 36. Ke3 Rh2 37. Rg1+ Kf6 38. Bd3 Bf5 39. Bf1 Bh3 40. Bd3 Nxd3 41. Kxd3 Ra2 42. bxc5 Rxa3+ 43. Ke2 bxc5 44. Rh1 Bf5 45. Rh6+ Bg6 46. Rh8 Ra2+ 47. Ke3 Ra3+ 48. Kf2 Rc3 49. Rf8+ Ke7 50. Ra8 Rxc4 51. Rxa7+ Kf6 52. Rd7 Rd4 53. Rxd6+ Kg5 54. Ke3 e4 55. fxe4 Bxe4 56. Re6 Bxd5 57. Rd6 Kf5 58. Rd8 Ke5 59. Re8+ Be6 60. Re7 Re4+ 61. Kd3 Rd4+ 62. Kc3 Rh4 63. Rc7 Rh3+ 64. Kc2 c4 65. Rc6 Bf5+ 66. Kb2 Kd4 67. Rd6+ Kc5 68. Rd8 c3+ 69. Kb3 c2+ 70. Kb2 Rb3+ 71. Kxb3 c1=Q 72. Rc8+ Bxc8 0-1


[Site "https://www.chess.com"]

[Event "Titled Tuesday Blitz February 28 Early 2023"]
[White "Carrasco Miranda, Andres"]
[Black "Aradhya, Garg"]
[WhiteFideId "3405990"]
[BlackFideId "25006746"]
[WhiteElo "2183"]
[BlackElo "2278"]
[Result "0-1"]
[Round "01"]
[TimeControl "180+2"]
[Date "2023.02.28"]
[WhiteClock "0:00:17"]
[BlackClock "0:00:13"]

1. d4 d5 2. c4 c6 3. Nf3 Nf6 4. e3 Bf5 5. Nc3 e6 6. Nh4 Be4 7. f3 Bg6 8. Qb3 Qc7 9. Bd2 a5 10. Nxg6 hxg6 11. Bd3 a4 12. Nxa4 dxc4 13. Bxc4 b5 14. Bxb5 cxb5 15. Qxb5+ Qd7 16. Qxd7+ Nbxd7 17. Nc3 Nb6 18. b3 Kd7 19. e4 Ba3 20. Rb1 Rhc8 21. Ke2 Ne8 22. Kd3 Nd6 23. g4 Rc7 24. h4 f6 25. h5 gxh5 26. Rxh5 Bb4 27. a4 Rac8 28. Rc1 Bxc3 29. Rxc3 Rxc3+ 30. Bxc3 Ke7 31. Bb4 Kd7 32. Rh7 Ne8 33. a5 Na8 34. f4 Kc6 35. Rh5 Nac7 36. g5 Rb8 37. Kc3 Nb5+ 38. Kc4 Nxd4 39. a6 Nb5 40. gxf6 Ned6+ 41. Kd3 gxf6 42. Bd2 Ra8 43. e5 fxe5 44. fxe5 Nf5 45. Rh7 Rxa6 46. Kc4 Na3+ 47. Kc3 Nb5+ 48. Kb4 Nbd4 49. Bc3 Kd5 50. Rd7+ Kxe5 51. Rb7 Ke4 52. Kc4 Rc6+ 53. Kb4 Nc2+ 54. Kb5 Rxc3 55. b4 Nd6+ 56. Ka6 Nxb7 57. b5 Nb4+ 58. Kb6 Nd5+ 59. Ka7 Rb3 60. b6 Rxb6 61. Kb8 Nd6+ 62. Ka7 Rc6 63. Kb8 Rc7 64. Ka8 Kd4 65. Kb8 e5 66. Ka8 e4 67. Kb8 e3 68. Ka8 e2 69. Kb8 e1=Q 70. Ka8 Qa5+ 71. Kb8 Qa7# 0-1


[Site "https://www.chess.com"]

[Event "Titled Tuesday Blitz February 28 Early 2023"]
[White "Hasangatin, Ramil"]
[Black "Toktomushev, Teimur"]
[WhiteFideId "4122160"]
[BlackFideId "14176726"]
[WhiteElo "2310"]
[BlackElo "2106"]
[Result "0-1"]
[Round "01"]
[TimeControl "180+2"]
[Date "2023.02.28"]
[WhiteClock "0:01:05"]
[BlackClock "0:00:02"]

1. e4 c5 2. Nf3 e6 3. g3 Nc6 4. Bg2 d5 5. exd5 exd5 6. d4 Nf6 7. O-O Be7 8. Be3 O-O 9. dxc5 Ne4 10. Nc3 Nxc3 11. bxc3 Qa5 12. Nd4 Qxc3 13. Nb3 Be6 14. Qd3 Qf6 15. Rfe1 Rad8 16. Bf4 Rfe8 17. h4 h6 18. Qb5 Rd7 19. Rad1 a6 20. Qa4 Rc8 21. Rd2 d4 22. Red1 Bxb3 23. cxb3 Bxc5 24. Rc1 Ba7 25. Rdc2 d3 26. Rd2 Rcd8 27. Bxc6 bxc6 28. Qxc6 Qd4 29. Be3 Qb4 30. Qc3 Qxc3 31. Rxc3 Bxe3 32. fxe3 f5 33. h5 Rd6 34. Kf2 Kf7 35. Kf3 Ke6 36. Kf4 Rd5 37. Rc6+ R5d6 38. Rxd3 Rxc6 39. Rxd8 Rc2 40. a3 Rf2# 0-1


[Site "https://www.chess.com"]

[Event "Titled Tuesday Blitz February 28 Early 2023"]
[White "Estrada Nieto, Julian"]
[Black "Aydincelebi, Kagan"]
[WhiteFideId "5101018"]
[BlackFideId "6361102"]
[WhiteElo "2176"]
[BlackElo "2180"]
[Result "1-0"]
[Round "01"]
[TimeControl "180+2"]
[Date "2023.02.28"]
[WhiteClock "0:01:48"]
[BlackClock "0:01:39"]

1. e4 c5 2. Nf3 Nc6 3. Bb5 g6 4. Bxc6 dxc6 5. d3 Bg7 6. h3 Nf6 7. Nc3 Nd7 8. Be3 e5 9. Qd2 h6 10. O-O Qe7 11. Nh2 Nf8 12. f4 exf4 13. Bxf4 Ne6 14. Be3 Nd4 15. Nf3 Be6 16. Rae1 O-O-O 17. Qf2 b6 18. e5 Bf5 19. Bxd4 cxd4 20. Nxd4 Bd7 21. Qxf7 Rhe8 22. Qxg6 Bxe5 23. Nxc6 Qc5+ 24. d4 Bxd4+ 25. Nxd4 Qxd4+ 26. Kh1 Rg8 27. Qe4 Qxe4 28. Nxe4 Bc6 29. Rf2 Rde8 30. Nd6+ 1-0


[Site "https://www.chess.com"]

[Event "Titled Tuesday Blitz February 28 Early 2023"]
[White "Costachi, Mihnea"]
[Black "Melaugh, Shane"]
[WhiteFideId "1217518"]
[BlackFideId "2509580"]
[WhiteElo "2456"]
[BlackElo "2034"]
[Result "1-0"]
[Round "01"]
[TimeControl "180+2"]
[Date "2023.02.28"]
[WhiteClock "0:00:39"]
[BlackClock "0:00:05"]

1. d4 e6 2. c4 f5 3. g3 Nf6 4. Bg2 Be7 5. Nf3 O-O 6. O-O d6 7. Nc3 Nc6 8. b3 e5 9. d5 Na5 10. e4 b6 11. Ng5 Nxe4 12. Ncxe4 fxe4 13. Nxh7 Rf3 14. Qc2 Rf7 15. Bxe4 Bh3 16. Re1 Nb7 17. f4 exf4 18. Bxf4 Bf6 19. Bg6 Rd7 20. Re8+ Qxe8 21. Nxf6+ gxf6 22. Bxe8 Rxe8 23. Qg6+ Kf8 24. Bh6+ Ke7 25. Re1+ 1-0


[Site "https://www.chess.com"]